 Dungeon Crawl Stone Soup version 0.17-a0-1210-g1e4f09d (webtiles) character file.

98 kidanger the Purveyor of Pain (level 4, -1/36 HPs)
             Began as a Deep Dwarf Necromancer on June 4, 2015.
             Was an Initiate of Kikubaaqudgha.
             Killed from afar by Sigmund (5 damage)
             ... with a magic dart
             ... on level 3 of the Dungeon.
             The game lasted 00:21:04 (2297 turns).

kidanger the Purveyor of Pain (DDNe)                Turns: 2297, Time: 00:21:04

Health: -1/36      AC:  5    Str: 12    XL:     4   Next: 43%
Magic:  2/9        EV: 12    Int: 16    God:    Kikubaaqudgha [......]
Gold:   89         SH:  0    Dex: 13    Spells: 4 memorised, 1 level left

rFire  . . .     SeeInvis .     (no weapon)
rCold  . . .     Clarity  .     a - +2 robe
rNeg   . . .     SustAt   .     (no shield)
rPois  +         Gourm    .     (no helmet)
rElec  .         Spirit   .     (no cloak)
rCorr  .         Warding  .     (no gloves)
rMut   +         Stasis   .     n - +0 pair of boots
MR     .....                    i - amulet of resist mutation
Stlth  ++........               G - ring of poison resistance
                                s - ring of teleport control

@: very slightly contaminated, non-regenerating, not resistant to hostile
enchantments, unstealthy
A: damage resistance, recharge devices, sense surroundings 1, slow healing 3
a: Device Recharging, Renounce Religion, Evoke Teleport Control


You were on level 3 of the Dungeon.
You worshipped Kikubaaqudgha.
Kikubaaqudgha was noncommittal.
You were not hungry.

You visited 1 branch of the dungeon, and saw 3 of its levels.

You collected 89 gold pieces.

Inventory:

Armour
 a - a +2 robe (worn)
 n - a +0 pair of boots (worn)
Jewellery
 i - an amulet of resist mutation (around neck)
 j - an uncursed ring of ice
 s - a ring of teleport control (left hand)
 x - an uncursed ring of flight
 G - a ring of poison resistance (right hand)
Magical devices
 c - a wand of heal wounds (2)
 E - a wand of slowing (31)
 F - a wand of random effects (21)
Scrolls
 e - 3 scrolls of remove curse
 f - a scroll of fog {unknown}
 k - a scroll of identify
 q - a scroll of fear {unknown}
 r - a scroll of teleportation {unknown}
 A - a scroll of amnesia {unknown}
Potions
 g - 2 potions of lignification {unknown}
 l - a potion of degeneration {unknown}
 m - a potion of heal wounds {unknown}
 o - 2 potions of magic {unknown}
 p - a potion of agility {unknown}
 v - a potion of curing {unknown}
 w - a potion of brilliance {unknown}
 z - a potion of flight {unknown}
 D - a potion of might {unknown}
Books
 b - a book of Necromancy

   Spells                             Type                      Level
   a - Pain                           Necromancy                   1
   b - Animate Skeleton               Necromancy                   1
   c - Vampiric Draining              Necromancy                   3
   d - Regeneration                   Charms/Necromancy            3
   e - Animate Dead                   Necromancy                   4
   f - Control Undead                 Necromancy                   4
 C - a book of Geomancy

   Spells                             Type                      Level
   a - Sandblast                      Earth                        1
   b - Stoneskin                      Transmutation/Earth          2
   c - Passwall                       Transmutation/Earth          3
   d - Stone Arrow                    Conjuration/Earth            3
   e - Petrify                        Transmutation/Earth          4
   f - Lee's Rapid Deconstruction     Earth                        5
Comestibles
 d - 2 bread rations
 h - a slice of pizza
 t - 3 meat rations
 u - a royal jelly
 B - 2 fruits


   Skills:
 + Level 2.1 Dodging
 + Level 2.4 Stealth
 + Level 3.5 Spellcasting
 + Level 5.0 Necromancy


You had one spell level left.
You knew the following spells:

 Your Spells              Type           Power        Failure   Level  Hunger
a - Pain                  Necr           ###.         2%          1    None
b - Animate Skeleton      Necr           N/A          2%          1    None
c - Vampiric Draining     Necr           ###.......   10%         3    ###....
d - Animate Dead          Necr           N/A          28%         4    ####...


Dungeon Overview and Level Annotations

Branches:
Dungeon (3/15)

Altars:
Cheibriados
Kikubaaqudgha
Ru

Annotations:
D:3 Sigmund


Innate Abilities, Weirdness & Mutations

You are resistant to damage.
You can recharge devices by infusing magical energy.
You passively map a small area around you.
You do not heal naturally.


Message History

Confirm with . or Enter, or press ? or * to list all spells.
Aiming: Pain
Press: ? - help, Shift-Dir - straight line, f/p - Sigmund
Aim: Sigmund, wielding a scythe of venom and wearing a robe (lightly wounded, chance to defeat MR: 84%)
You miscast Pain.
You are very lightly contaminated with residual magic.
Nothing appears to happen.
Sigmund hits you with a scythe of venom.
* * * LOW HITPOINT WARNING * * *
You barely miss Sigmund.
Sigmund is lightly wounded.
Sigmund misses you.
Sigmund hits you from afar with a scythe of venom.
* * * LOW HITPOINT WARNING * * *
Sigmund asks, "Do you like me?"
You see here a ring of ice.
Sigmund casts a spell at you. The magic dart hits you!
You die...
Kikubaaqudgha rasps: "You have failed me!
Welcome... death!"

#..#.........=............##
##.....#..#.....#.#######...#
#......#..#.....#.# ###.#
#.....###.##...##.# #.#
#.....#.#..#...#@.# #.#
#....##.##[##.##..###### #.#
#....#...#..#$#.(......####.#
#...##...##.###.............#
#...#.....#..#@...###.#######
###.#.#.....#..#....# #.#
........†..%.....##.# #.#
###................># #.#
###.#####....###..# #.# #.#
#.........# #.# #.#
###....###.## #.# #####.#
#..........####.#
....#.###.##.)..(.......#


You could see Sigmund.

Vanquished Creatures
  Natasha (thrice) (D:3)
  An adder (D:3)
  An ooze (D:3)
  A worm (D:2)
  6 bats
  4 giant cockroaches
  4 goblins
  11 hobgoblins
  4 giant newts
  13 kobolds
  6 rats
54 creatures vanquished.

Vanquished Creatures (collateral kills)
  A worm (D:3)
  A plant (D:3)
2 creatures vanquished.

Grand Total: 56 creatures vanquished

Notes
Turn   | Place    | Note
--------------------------------------------------------------
     0 | D:1      | kidanger the Deep Dwarf Necromancer began the quest for the Orb.
     0 | D:1      | Reached XP level 1. HP: 15/15 MP: 3/3
    12 | D:1      | Learned a level 1 spell: Animate Skeleton
   318 | D:1      | Reached XP level 2. HP: 22/22 MP: 0/5
   750 | D:2      | Found a snail-covered altar of Cheibriados.
  1097 | D:2      | Reached XP level 3. HP: 15/28 MP: 3/7
  1122 | D:2      | Learned a level 3 spell: Vampiric Draining
  1209 | D:2      | Found a sacrificial altar of Ru.
  1506 | D:3      | Noticed Sigmund
  1823 | D:3      | Noticed Natasha
  1837 | D:3      | Killed Natasha
  1837 | D:3      | Reached XP level 4. HP: 10/36 MP: 1/9
  1867 | D:3      | Found an ancient bone altar of Kikubaaqudgha.
  1879 | D:3      | Became a worshipper of Kikubaaqudgha
  1965 | D:3      | Learned a level 4 spell: Animate Dead
  2057 | D:3      | Noticed Natasha
  2077 | D:3      | Killed Natasha
  2146 | D:3      | Noticed Natasha
  2153 | D:3      | Killed Natasha
  2202 | D:3      | Your ally Natasha died
  2208 | D:3      | Reached skill level 5 in Necromancy
  2297 | D:3      | Killed from afar by Sigmund

Vault maps used:
D:1:      mrwooster_arrival_statue_2
D:2:      lemuel_round_altar, serial_glass, glass_columns_b, glass_columns_b,
          nicolae_ru_sacrificial_ziggurat
D:3:      kiku_gazebo_garden_becter, first_bread, minmay_unequal, uniq_sigmund,
          uniq_natasha

Action                   |  1- 3 |  4- 6 || total
-------------------------+-------+-------++-------
Melee: Unarmed           |    35 |    14 ||    49
 Cast: Pain              |    65 |    14 ||    79
       Animate Skeleton  |    17 |       ||    17
       Vampiric Draining |     8 |     3 ||    11
       Animate Dead      |       |     1 ||     1
Evoke: Wand              |       |     4 ||     4
  Use: Scroll            |     1 |     4 ||     5
  Eat: Chunk             |     4 |     1 ||     5
       Fruit             |       |     1 ||     1
